 Dungeon Crawl Stone Soup version 0.30-a0-374-g95c0257040 (webtiles) character file.

Game seed: 2505952435681490589

875 oldriver the Magician (level 7, -1/56 HPs)
             Began as a Mummy Necromancer on Nov 25, 2022.
             Slain by a wight
             ... wielding a +0 dire flail
              (12 damage)
             ... on level 6 of the Dungeon.
             The game lasted 00:06:32 (6066 turns).

oldriver the Magician (Mummy Necromancer)           Turns: 6066, Time: 00:06:32

Health: -1/56      AC:  4    Str: 11    XL:     7   Next: 74%
Magic:  18/18      EV: 12    Int: 17    God:
Gold:   311        SH:  0    Dex: 12    Spells: 13/21 levels left

rFire   x . .      SeeInvis +    g - +0 dagger (venom)
rCold   + . .      Faith    +    (no shield)
rNeg    + + +      Spirit   .    a - +0 robe
rPois   ∞          Reflect  .    (no helmet)
rElec   .          Harm     .    p - +0 cloak
rCorr   .          Rampage  .    w - +0 pair of gloves
Will    +....                    (no boots)
Stlth   ++........               r - amulet of magic regeneration
HPRegen 0.29/turn                q - ring of willpower
MPRegen 0.56/turn                o - ring of see invisible

@: no status effects
A: cold resistance 1, negative energy resistance 3, torment resistance 2, heat
vulnerability 1, in touch with death 1, no potions, faith
a: no special abilities


You were on level 6 of the Dungeon.
You visited 1 branch of the dungeon, and saw 6 of its levels.
You also visited: Sewer.

You collected 335 gold pieces.
You spent 24 gold pieces at shops.

Inventory:

Hand Weapons
 g - a +0 dagger of venom (weapon)
Missiles
 n - 2 throwing nets
Armour
 a - a +0 robe (worn)
 p - a +0 cloak (worn)
 w - a +0 pair of gloves (worn)
Magical Staves
 f - a staff of earth
Jewellery
 o - a ring of see invisible (right hand)
 q - a ring of willpower (left hand)
 r - an amulet of magic regeneration (around neck)
Wands
 u - a wand of iceblast (7)
 v - a wand of paralysis (7)
Scrolls
 b - 2 scrolls of vulnerability
 c - a scroll of noise {unknown}
 d - 3 scrolls of identify
 e - 3 scrolls of teleportation
 h - 4 scrolls of fog
 i - 2 scrolls of poison
 j - a scroll of magic mapping {unknown}
 k - 3 scrolls of enchant armour
 l - 2 scrolls of immolation {unknown}
 m - 3 scrolls of enchant weapon
 s - a scroll of brand weapon {unknown}
 t - a scroll of blinking {unknown}


   Skills:
 + Level 5.6 Fighting
 - Level 1.5 Dodging
 - Level 1.5 Stealth
 + Level 7.6 Spellcasting
 - Level 5.0 Necromancy


You had 13 spell levels left.
You knew the following spells:

 Your Spells              Type           Power      Damage    Failure   Level
a - Necrotise             Necr           100%       1d9       1%          1
b - Vampiric Draining     Necr           35%        2d8       4%          3
c - Animate Dead          Necr           35%        N/A       14%         4

Your spell library contained the following spells:

 Spells                   Type           Power      Damage    Failure   Level
 Foxfire                  Conj/Fire      24%        2x1d5     11%         1
 Sting                    Tmut/Pois      24%        1d4       11%         1
 Poisonous Vapours        Pois/Air       12%        N/A       17%         2
 Call Canine Familiar     Summ           6%         N/A       32%         3
 Dazzling Flash           Conj/Hex       12%        N/A       32%         3
 Portal Projectile        Hex/Tloc       12%        N/A       32%         3
 Agony                    Necr           35%        N/A       36%         5
 Leda's Liquefaction      Hex/Erth       3%         N/A       73%         4
 Olgreb's Toxic Radiance  Pois           6%         N/A       73%         4
 Fireball                 Conj/Fire      3%         3d4       97%         5
 Silence                  Hex/Air        3%         N/A       97%         5
 Starburst                Conj/Fire      3%         6d3       100%        6


Dungeon Overview and Level Annotations

Branches:
Dungeon (6/15)              Sewer (visited)
 Temple: D:4-7

Altars:
Ashenzari
Sif Muna

Shops:
D:5 *


Innate Abilities, Weirdness & Mutations

You are immune to poison.
Your flesh is cold resistant. (rC+)
You are immune to negative energy. (rN+++)
You are immune to unholy pain and torment.
You are vulnerable to heat. (rF-)
You are in touch with the powers of death.
You do not drink.
You have a special connection with the divine. (Faith)


Message History

You can't see any susceptible monsters within range! (Use Z to cast anyway.)
You can't see any susceptible monsters within range! (Use Z to cast anyway.)
You can't see any susceptible monsters within range! (Use Z to cast anyway.)
You swap places. 2 wights come into view.
Found 5 gold pieces.
There are monsters nearby!
There are monsters nearby!
There are monsters nearby!
There are monsters nearby!
Casting: Necrotise (safe; 1% risk of failure)
Confirm with . or Enter, or press ? or * to list all spells.
You don't know that spell.
You hit the wight.
The wight is lightly damaged.
The wight hits you with a +0 flail! The wight barely misses you.
You swap places.
Your iguana skeleton bites the wight.
The wight hits your iguana skeleton with a +0 flail.
The wight barely misses you.
Your iguana skeleton bites the wight but does no damage.
Something hits your iguana skeleton! The wight attacks as you move away!
The wight closely misses you.
Your iguana skeleton bites the wight.
Something hits your iguana skeleton!
Your iguana skeleton is destroyed!
You closely miss the wight.
The wight is severely damaged.
The wight hits you with a +0 dire flail!
You barely miss the wight.
The wight is severely damaged.
The wight hits you with a +0 dire flail!
You hit the wight but do no damage.
The wight is severely damaged.
The wight hits you with a +0 dire flail.
You closely miss the wight.
The wight is heavily damaged.
The wight hits you with a +0 dire flail!
* * * LOW HITPOINT WARNING * * *
The wight attacks as you move away!
The wight hits you with a +0 dire flail!
You die...

#.# #.# #.# ### #.#
##.## #.#
##...######## ##.###
#.......!...###.....
##...######.##....##
##@## #........# #z#
####....##
#####z##### ###.##
#.........# #.#
#$###.###.# #.# #.#
#+# #.# #.# #.#


You could see 2 wights.

Vanquished Creatures
  A water moccasin (D:5)
  A black bear (D:6)
  A kobold brigand (Sewer)
  A scorpion (D:5)
  2 hounds
  An orc priest (D:5)
  2 jellies (D:6)
  An iguana (D:6)
  9 adders
  11 gnolls
  5 river rats
  2 worms
  A dart slug (D:2)
  9 orcs
  6 bats
  5 endoplasms
  7 giant cockroaches
  6 goblins
  8 hobgoblins
  8 jackals
  6 kobolds
  6 quokkas
  8 ball pythons
  5 frilled lizards
  11 rats
123 creatures vanquished.

Vanquished Creatures (collateral kills)
  A gnoll (D:3)
  A dart slug (D:1)
  A goblin (D:2)
  A ball python (D:3)
  2 rats
6 creatures vanquished.

Vanquished Creatures (others)
  4 plants (Sewer)
4 creatures vanquished.

Grand Total: 133 creatures vanquished

Notes
Turn   | Place    | Note
-------+----------+-------------------------------------------
     0 | D:1      | oldriver the Mummy Necromancer began the quest for the Orb.
     0 | D:1      | Reached XP level 1. HP: 13/13 MP: 4/4
   113 | D:1      | Reached skill level 3 in Spellcasting
   205 | D:1      | Reached skill level 1 in Fighting
   206 | D:1      | Reached XP level 2. HP: 21/21 MP: 0/6
   595 | D:2      | Gained mutation: You are in touch with the powers of death.
                  | [Mummy growth]
   595 | D:2      | Reached XP level 3. HP: 27/27 MP: 4/8
  1090 | D:2      | Found a faded altar of an unknown god.
  1278 | D:1      | Reached skill level 4 in Spellcasting
  1282 | D:1      | Learned a level 3 spell: Vampiric Draining
  1576 | D:1      | Reached XP level 4. HP: 34/34 MP: 8/10
  2009 | D:3      | Found a broken altar of Ashenzari.
  2044 | D:3      | Found a shimmering blue altar of Sif Muna.
  2336 | D:3      | Reached XP level 5. HP: 41/41 MP: 6/12
  2340 | D:3      | Reached skill level 5 in Spellcasting
  2438 | D:3      | Learned a level 4 spell: Animate Dead
  2605 | D:4      | Found a glowing drain.
  2610 | Sewer    | Entered a sewer
  2732 | Sewer    | Reached XP level 6. HP: 43/48 MP: 5/14
  3028 | Sewer    | Reached skill level 6 in Spellcasting
  4612 | D:5      | Entered Level 5 of the Dungeon
  4823 | D:5      | Noticed a water moccasin
  4940 | D:5      | Killed a water moccasin
  4941 | D:5      | Reached XP level 7. HP: 42/55 MP: 6/17
  4953 | D:5      | Reached skill level 5 in Fighting
  5063 | D:5      | Found Ehaulico's Assorted Antiques.
  5074 | D:5      | Bought a scroll labelled PORATH BUGH for 24 gold pieces
  5358 | D:5      | Reached skill level 7 in Spellcasting
  5990 | D:6      | Reached skill level 5 in Necromancy
  6066 | D:6      | Slain by a wight

Illustrated notes

Levels and vault maps discovered:
D:1:      dpeg_arrival_leaves_temple_mockup, layout_rooms, item_on_display_a
D:2:      layout_loops_cross, dreamdust_ecumenical_altar_angels_and_demons,
          minmay_strange_pillars
D:3:      layout_rooms, mainiacjoe_overflow_big_doors
D:4:      layout_basic, gup_sewer_entry_bowl
D:5:      layout_loops_cross, serial_shops, shop
D:6:      layout_loops_corners, sigmund_edmund_badplayer

Skill      XL: |  1  2  3  4  5  6  7 |
---------------+----------------------+-----
Spellcasting   | 3 4 5 6 7 |  7.6
Fighting       | 1 2 3 4 5 |  5.6
Necromancy     | 5 |  5.0
Dodging        | |  1.5
Stealth        | |  1.5

Action                   |  1- 3 |  4- 6 |  7- 9 || total
-------------------------+-------+-------+-------++-------
Melee: Unarmed           |    28 |       |       ||    28
       Dagger            |     1 |     3 |     7 ||    11
 Cast: Necrotise         |    67 |   178 |    45 ||   290
       Vampiric Draining |       |     3 |       ||     3
  Use: Scroll            |       |       |     7 ||     7
 Stab: Sleeping          |     1 |       |       ||     1
Armor: Robe              |    12 |    15 |     6 ||    33
Dodge: Dodged            |    36 |    61 |    20 ||   117

Table legend: (Time is in decaauts)
 A = Elapsed time spent in this place.
 B = Non-inter-level travel time spent in this place.
 C = Inter-level travel time spent in this place.
 D = Time resting spent in this place.
 E = Time spent auto-exploring this place.
 F = Levels seen in this place.
 G = Mean time per level.
                   A        B        C        D        E       F      G
               +--------+--------+--------+--------+--------+-----+--------+
         Total |   6194 |   5983 |    211 |    431 |   4649 |   7 |  884.9 |
       Dungeon |   5278 |   5067 |    211 |    372 |   3956 |   6 |  879.7 |
         Sewer |    916 |    916 |      0 |     59 |    692 |   1 |  916.0 |
               +--------+--------+--------+--------+--------+-----+--------+

Top non-repeatable levels by time:
     D:4: 1315 daAuts
     D:2: 1082 daAuts
     D:5: 1029 daAuts
   Sewer: 916 daAuts
     D:3: 849 daAuts
     D:1: 633 daAuts
     D:6: 366 daAuts
